 Dungeon Crawl Stone Soup version 0.29.1-2-gbd0b4ee654 (webtiles) character file.

Game seed: 16625737430963883178

64 leafyfresh the Magician (level 4, -13/31 HPs)
             Began as a Djinni Ice Elementalist on Nov 22, 2022.
             Mangled by a gnoll
             ... wielding a +0 halberd
             ... led by a gnoll bouda
              (14 damage)
             ... on level 4 of the Dungeon.
             The game lasted 00:02:47 (2814 turns).

leafyfresh the Magician (Djinni Ice Elementalist)   Turns: 2814, Time: 00:02:50

Health: -13/31     AC:  2    Str:  7    XL:     4   Next: 32%
Gold:   145        EV: 12    Int: 19    God:
                   SH:  0    Dex: 13

rFire   + + .      SeeInvis .   l - +3 dagger (venom)
rCold   x . .      Faith    .   (no shield)
rNeg    . . .      Spirit   .   a - +0 robe
rPois   ∞          Reflect  .   (no helmet)
rElec   .          Harm     .   (no cloak)
rCorr   .          Rampage  .   (no gloves)
Will    .....                   (boots unavailable)
Stlth   ++........              (no amulet)
HPRegen 0.10/turn               (no ring)
MPRegen 0.00/turn               (no ring)

@: freezing walls, flying, very slightly contaminated
A: sickness immunity, fire resistance 2, cold vulnerability 1, float, innate
caster, HP casting, extra vitality 1
a: no special abilities


You were on level 4 of the Dungeon.
You visited 1 branch of the dungeon, and saw 4 of its levels.

You collected 145 gold pieces.

Inventory:

Hand Weapons
 c - a +0 club
 l - a +3 dagger of venom (weapon)
Missiles
 g - 16 poisoned darts
Armour
 a - a +0 robe (worn)
Wands
 r - a wand of roots (3)
Scrolls
 b - a scroll of fear {unknown}
 d - 2 scrolls of silence {unknown}
 e - 3 scrolls of enchant armour {unknown}
 m - a scroll of torment {unknown}
 n - a scroll of noise {unknown}
 o - 5 scrolls of teleportation {unknown}
 p - 2 scrolls of identify {unknown}
Potions
 f - 3 potions of curing {unknown}
 h - a potion of flight {unknown}
 i - 2 potions of attraction {unknown}
 j - a potion of ambrosia {unknown}
 k - a potion of invisibility {unknown}
 q - a potion of lignification {unknown}
 s - a potion of brilliance {unknown}
 t - a potion of might {unknown}


   Skills:
 + Level 3.0 Dodging
 * Level 2.9 Stealth
 + Level 3.5 Spellcasting


You couldn't memorise any spells.
You knew the following spells:

 Your Spells              Type           Power      Damage    Failure   Level
a - Freeze                Ice            64%        1d8       3%          1
b - Frozen Ramparts       Ice            32%        1d5       10%         3
c - Ozocubu's Armour      Ice            16%        N/A       10%         3
d - Hailstorm             Conj/Ice       16%        3d6       32%         4
e - Summon Small Mammal   Summ           64%        N/A       3%          1
Your spell library was empty.

Dungeon Overview and Level Annotations

Branches:
Dungeon (4/15)
 Temple: D:4-7

Altars:
Ashenzari
Makhleb
Ru

Shops:
D:3 !

Annotations:
D:2 Sigmund


Innate Abilities, Weirdness & Mutations

You are immune to sickness and miasma.
You are immune to poison.
Your flesh is very heat resistant. (rF++)
You are vulnerable to cold. (rC-)
You float through the air rather than walking.
You learn spells naturally, not from books.
Your magical power is your life essence.
You have superior vitality. (+4 MHP)


Message History

A hobgoblin is nearby!
You hit the hobgoblin.
The hobgoblin is poisoned.
The hobgoblin is almost dead.
You kill the hobgoblin!
HP restored. 2 gnolls come into view.
A gnoll bouda and a gnoll come into view.
There are monsters nearby!
There are monsters nearby!
There are monsters nearby!
Casting: Freeze (safe; 3% risk of failure)
Confirm with . or Enter, or press ? or * to list all spells.
The spell is quite dangerous to miscast (10% risk of failure)!
Continue anyway?
Casting: Frozen Ramparts (quite dangerous; 10% risk of failure)
Press: ? - help, Dir - look around, f - activate The walls around you are covered in ice.
The gnoll shouts!
The wall freezes the gnoll.
The gnoll hits you from afar with a +0 halberd!
The wall freezes the gnoll.
The gnoll bouda barks out a call to the hunt!
The gnolls pick up the pace!
Casting: Frozen Ramparts (quite dangerous; 10% risk of failure)
Confirm with . or Enter, or press ? or * to list all spells.
The spell is quite dangerous to miscast (10% risk of failure)!
Continue anyway?
Okay, then.
Casting: Ozocubu's Armour (quite dangerous; 10% risk of failure)
Confirm with . or Enter, or press ? or * to list all spells.
The spell is quite dangerous to miscast (10% risk of failure)!
Continue anyway?
Okay, then.
Casting: Ozocubu's Armour (quite dangerous; 10% risk of failure)
Confirm with . or Enter, or press ? or * to list all spells.
The spell is quite dangerous to miscast (10% risk of failure)!
Continue anyway?
You miscast Ozocubu's Armour.
You are very lightly contaminated with residual magic.
A chill runs through your body!
You feel a terrible chill!
* * * LOW HITPOINT WARNING * * *
x2 The wall freezes the gnoll.
The gnoll hits you from afar with a +0 halberd!
You die...

### #.. .g.
#g# #g#
######
#g##.....#
#.##.....#
#@##.....#
#.##.....#
##.##.....#
#.........#
##..#......#
#..........#
#....#.....#
#..#.#.....#
#.##.###.###


You could see a gnoll bouda and 3 gnolls.

Vanquished Creatures
  An iguana (D:4)
  An adder (D:2)
  2 dart slugs (D:1)
  3 ball pythons
  An endoplasm (D:1)
  4 goblins
  5 hobgoblins
  3 kobolds (D:1)
  4 bats
  A frilled lizard (D:1)
  2 rats
27 creatures vanquished.

Notes
Turn   | Place    | Note
-------+----------+-------------------------------------------
     0 | D:1      | leafyfresh the Djinni Ice Elementalist began the quest for
                  | the Orb.
     0 | D:1      | leafyfresh set off with the following spells memorised:
                  | Freeze, Frozen Ramparts, Ozocubu's Armour, Hailstorm.
     0 | D:1      | Reached XP level 1. HP: 15/15 MP: 0/0
   327 | D:1      | Reached XP level 2. HP: 7/21 MP: 0/0
  1156 | D:1      | Reached XP level 3. HP: 13/25 MP: 0/0
  1156 | D:1      | Learned a level 1 spell: Summon Small Mammal
  1440 | D:2      | Found a sacrificial altar of Ru.
  1829 | D:2      | Noticed Sigmund
  2292 | D:3      | Identified the +5 short sword "Cyevy" {venom, MP+9 Str+4
                  | Dex+6}
  2375 | D:3      | Found Vonaridd's Distillery.
  2464 | D:3      | Found a broken altar of Ashenzari.
  2464 | D:3      | Found a burning altar of Makhleb.
  2626 | D:4      | Reached XP level 4. HP: 13/31 MP: 0/0
  2814 | D:4      | HP: 1/31 [something (12)]
  2814 | D:4      | Mangled by a gnoll

Illustrated notes

Levels and vault maps discovered:
D:1:      lightli_arrival_chessboard, layout_rooms,
          corexii_item_surrounded_by_moat
D:2:      layout_rooms, basic_altar, uniq_sigmund
D:3:      layout_rooms, gammafunk_temple_overflow_pools, serial_shops,
          nicolae_shop_competitors_out_of_business
D:4:      layout_rooms, serial_shops, nicolae_shop_window_shopping, uniq_pikel

Skill      XL: |  1  2  3 |
---------------+----------+-----
Stealth        | 2 |  2.9
Dodging        | 3 |  3.0
Spellcasting   | |  3.5

Action                   |  1- 3 |  4- 6 || total
-------------------------+-------+-------++-------
Melee: Unarmed           |     4 |       ||     4
       Club              |     5 |       ||     5
       Dagger            |    28 |     2 ||    30
 Cast: Freeze            |    22 |       ||    22
       Frozen Ramparts   |       |     1 ||     1
 Stab: Sleeping          |     5 |       ||     5
Armor: Robe              |     9 |       ||     9
Dodge: Dodged            |    31 |     1 ||    32
